AoeStats
← DK_Nightclaim

African Clearing

505975014Analyzed
4v4 RM · 21d ago on Sep 11, 2026· 52m 26s· 8 players
Game mode
Random Map
Map size
Large (8 player)
Population
200
Speed
Normal
Resources
Standard
Victory
Conquest
Starting age
Dark Age
Ending age
Imperial Age
RankedLock teamsTeams togetherTeam positionsShared explorationLock speedFull tech treeHidden civsTurbo modeCheats
Victory
Defeat
🇵🇹 Spanish · Portugal
1761
+10
🇵🇹 Saracens · Portugal
1702
+12
🇵🇹 Turks · Portugal
1621
+16
🇵🇹 Franks · Portugal
1529
+19
🇨🇱 Bulgarians · Chile
1705
-18
🇪🇸 Wu · Spain
1598
-14
🇪🇸 Dravidians · Spain
1585
-13
🇪🇸 Aztecs · Spain
1569
-12
DK_Nightclaim
7:39 Loom
11:24 Feudal Age
11:58 Double-Bit Axe
16:27 Fletching
23:34 Castle Age
24:12 Bodkin Arrow
23:54 Crossbowman
27:51 Ballistics
31:50 Horse Collar
37:36 Wheelbarrow
37:47 Bow Saw
41:43 Imperial Age
40:26 Hand Cart
41:25 Heavy Plow
42:19 Thumb Ring
42:28 Bracer
43:33 Chemistry
43:22 Padded Archer Armor
42:53 Arbalester
45:44 Scale Mail Armor
46:40 Elite Skirmisher
49:01 Leather Archer Armor
50:35 Conscription
DK_Exmerior
10:57 Loom
13:16 Feudal Age
14:17 Horse Collar
17:51 Castle Age
19:32 Fletching
25:49 Double-Bit Axe
34:31 Wheelbarrow
35:30 Gold Mining
36:16 Horse Collar
41:57 Imperial Age
43:09 Imperial Age
41:27 Bow Saw
41:18 Heavy Plow
44:36 Imperial Age
43:02 Hand Cart
48:48 Town Watch
DK_Akutuhaburu
12:20 Feudal Age
16:17 Castle Age
14:51 Double-Bit Axe
15:06 Horse Collar
18:54 Wheelbarrow
18:32 Bow Saw
19:33 Loom
23:06 Fletching
23:48 Bodkin Arrow
23:45 Crossbowman
24:15 Town Watch
29:06 Ballistics
34:18 Masonry
37:24 Imperial Age
34:52 Gold Mining
37:50 Hand Cart
37:37 Heavy Plow
38:13 Gold Shaft Mining
37:29 Stone Mining
37:26 Arbalester
38:14 Bracer
39:27 Chemistry
40:44 Padded Archer Armor
40:09 Elite Skirmisher
41:12 Conscription
40:34 Pikeman
41:14 Squires
41:16 Scale Mail Armor
41:26 Forging
41:47 Sitting Tiger
41:16 Halberdier
42:12 Chain Mail Armor
44:22 Plate Mail Armor
44:28 Iron Casting
44:09 Leather Archer Armor
46:33 Blast Furnace
45:49 Leather Archer Armor
46:22 Architecture
48:56 Coinage
52:41 Two-Man Saw
52:06 Treadmill Crane
DK_Partyman96
6:07 Loom
13:12 Feudal Age
17:51 Castle Age
15:59 Scale Barding Armor
17:29 Forging
20:38 Husbandry
23:09 Double-Bit Axe
26:34 Horse Collar
27:39 Chain Barding Armor
27:55 Iron Casting
28:42 Town Watch
29:38 Wheelbarrow
28:49 Town Watch
29:49 Fletching
38:51 Bow Saw
41:23 Imperial Age
39:09 Bodkin Arrow
39:14 Padded Archer Armor
39:12 Gold Mining
39:42 Bloodlines
40:38 Thumb Ring
41:39 Heavy Cavalry Archer
44:02 Chemistry
44:13 Conscription
44:19 Bracer
46:26 Masonry
47:07 Leather Archer Armor
48:15 Parthian Tactics
48:49 Coinage
49:59 Light Cavalry
51:15 Plate Barding Armor
51:40 Blast Furnace
51:55 Hussar
Brisingr
12:41 Feudal Age
14:15 Loom
17:08 Castle Age
16:06 Double-Bit Axe
19:27 Bow Saw
19:19 Horse Collar
24:56 Padded Archer Armor
27:41 Leather Archer Armor
31:59 Wheelbarrow
34:06 Imperial Age
32:00 Stone Mining
34:02 Fletching
35:48 Ring Archer Armor
35:40 Conscription
37:38 Hand Cart
38:13 Bloodlines
38:03 Husbandry
39:10 Scale Barding Armor
39:40 Forging
40:50 Chain Barding Armor
42:36 Plate Barding Armor
46:08 Iron Casting
46:10 Hoardings
46:08 Town Watch
51:06 Blast Furnace
52:24 Masonry
52:22 Gold Mining
Savitar_pt
8:51 Loom
11:19 Feudal Age
12:27 Double-Bit Axe
16:40 Scale Barding Armor
19:17 Forging
32:30 Castle Age
34:25 Bow Saw
36:01 Wheelbarrow
38:33 Chain Barding Armor
39:36 Iron Casting
42:21 Hand Cart
43:01 Iron Casting
47:20 Imperial Age
45:38 Gold Mining
47:26 Cavalier
49:17 Plate Barding Armor
50:10 Conscription
50:54 Husbandry
50:53 Paladin
Mr Greed
13:12 Feudal Age
13:56 Loom
17:03 Castle Age
15:03 Double-Bit Axe
18:26 Bow Saw
22:46 Padded Archer Armor
28:11 Husbandry
31:30 Bloodlines
33:07 Wheelbarrow
39:12 Fletching
40:11 Hand Cart
43:34 Imperial Age
42:05 Elite Skirmisher
42:41 Bodkin Arrow
43:51 Leather Archer Armor
44:21 Bracer
44:57 Conscription
45:39 Ring Archer Armor
45:44 Ballistics
46:24 Chemistry
49:23 Onager
52:45 Horse Collar
54:06 Two-Man Saw
Darkwynn
10:27 Loom
13:28 Feudal Age
17:06 Castle Age
15:23 Double-Bit Axe
18:01 Bow Saw
19:32 Forging
20:07 Horse Collar
26:43 Town Watch
27:49 Wheelbarrow
31:17 Imperial Age
29:22 Scale Barding Armor
30:06 Bloodlines
29:56 Husbandry
30:51 Chain Barding Armor
31:29 Heavy Plow
31:20 Gold Mining
34:43 Chemistry
35:39 Fletching
37:49 Conscription
40:34 Iron Casting
40:36 Plate Barding Armor
40:35 Hand Cart
40:07 Elite Mameluke
44:27 Iron Casting
46:19 Siege Engineers
46:25 Masonry
47:59 Blast Furnace
48:31 Light Cavalry
49:34 Hussar
Connection lost

Rejoining the realm…

Still unreachable

The connection could not be restored.

Session expired

The server has moved on; the page needs a fresh start.